 Dungeon Crawl Stone Soup version 0.30-a0-6-g7c9e10e132 (webtiles) character file.

Game seed: 18165743445386651370

49 timneilson the Shield-Bearer (level 3, -1/23 HPs)
             Began as a Gargoyle Fighter on Aug 23, 2022.
             Slain by an iron imp (6 damage)
             ... summoned by Natasha
             ... on level 2 of the Dungeon.
             The game lasted 00:01:46 (1473 turns).

timneilson the Shield-Bearer (Gargoyle Fighter)     Turns: 1473, Time: 00:01:47

Health: -1/23      AC: 12    Str: 21    XL:     3   Next: 77%
Magic:  3/3        EV:  7    Int:  8    God:
Gold:   71         SH:  4    Dex:  9    Spells: 2/2 levels left

rFire   . . .      SeeInvis .    a - +1 long sword
rCold   . . .      Faith    .    c - +0 buckler
rNeg    + . .      Spirit   .    g - +0 chain mail
rPois   ∞          Reflect  .    (no helmet)
rElec   +          Harm     .    (no cloak)
rCorr   .          Rampage  .    (no gloves)
Will    .....                    (no boots)
Stlth   ..........               (no amulet)
HPRegen 0.07/turn                (no ring)
MPRegen 0.08/turn                (no ring)

@: no status effects
A: sickness immunity, AC +3, negative energy resistance 1, electricity
resistance, torment resistance 1, petrification resistance
a: no special abilities


You were on level 2 of the Dungeon.
You visited 1 branch of the dungeon, and saw 2 of its levels.

You collected 71 gold pieces.

Inventory:

Hand Weapons
 a - a +1 long sword (weapon)
Armour
 c - a +0 buckler (worn)
 g - a +0 chain mail (worn)
Scrolls
 f - a scroll of immolation
 h - 3 scrolls of identify
Potions
 b - a potion of curing {unknown}
 d - a potion of might
 e - a potion of berserk rage {unknown}
 i - a potion of cancellation {unknown}


   Skills:
 + Level 3.5 Fighting
 * Level 2.4 Long Blades
 * Level 3.7 Armour
 + Level 0.6 Dodging
 * Level 3.7 Shields


You had 2 spell levels left.
You didn't know any spells.
Your spell library was empty.

Dungeon Overview and Level Annotations

Branches:
Dungeon (2/15)

Altars:

Annotations:
D:2 Natasha


Innate Abilities, Weirdness & Mutations

You are immune to sickness and miasma.
Your stone body is resilient. (AC +3)
You are immune to poison.
You resist negative energy. (rN+)
You are resistant to electric shocks. (rElec)
You are resistant to unholy torment.
You are immune to petrification.


Message History

You block Natasha's attack. The iron imp barely misses you.
You hit Natasha.
Natasha is moderately wounded.
Natasha zaps a wand.
The puff of flame misses you. The iron imp hits you.
You closely miss Natasha.
Natasha is moderately wounded.
Natasha claws you.
Natasha casts a spell.
The iron imp hits you but does no damage.
You hit Natasha.
Natasha is heavily wounded.
Natasha stares at you and mumbles some strange words.
The magic dart hits you but does no damage.
The iron imp barely misses you.
You closely miss Natasha.
Natasha is heavily wounded.
Natasha casts a spell at you. You resist with significant effort.
The iron imp barely misses you. Natasha barely misses you.
You hit Natasha.
Natasha is heavily wounded.
Natasha casts a spell.
You block the iron imp's attack.
You barely miss Natasha.
Natasha is heavily wounded.
Natasha drinks a potion.
Natasha is healed!
The crimson imp spits at you. The shadow imp hits you.
You block the iron imp's attack.
You completely miss Natasha. Natasha claws you but does no damage.
You block the shadow imp's attack. The iron imp barely misses you.
You block Natasha's attack.
Unknown command.
You completely miss Natasha. The shadow imp closely misses you.
The iron imp hits you but does no damage.
You block Natasha's attack. You block the shadow imp's attack.
The crimson imp blinks!
You closely miss Natasha. Natasha claws you.
* * * LOW HITPOINT WARNING * * *
The iron imp hits you.
You die...

## #.. #..###
#§5h#########
#@##......# ..
#55.......# .
####......#
#.^....#
#......#
#......#
#......# ###
#####...# #..
......#.######.#


You could see an iron imp (summoned), Natasha, a crimson imp (summoned) and a
shadow imp (summoned).

Vanquished Creatures
  An adder (D:2)
  8 endoplasms
  A giant cockroach (D:1)
  A goblin (D:1)
  3 hobgoblins
  6 jackals
  2 kobolds (D:1)
  A quokka (D:1)
  6 ball pythons
  3 bats (D:1)
  4 rats
36 creatures vanquished.

Vanquished Creatures (others)
  3 plants (D:1)
3 creatures vanquished.

Grand Total: 39 creatures vanquished

Notes
Turn   | Place    | Note
-------+----------+-------------------------------------------
     0 | D:1      | timneilson the Gargoyle Fighter began the quest for the
                  | Orb.
     0 | D:1      | Reached XP level 1. HP: 14/14 MP: 1/1
   153 | D:1      | Found a faded altar of an unknown god.
   334 | D:1      | Reached XP level 2. HP: 17/19 MP: 2/2
  1015 | D:2      | Reached XP level 3. HP: 23/23 MP: 3/3
  1461 | D:2      | Noticed Natasha
  1473 | D:2      | Slain by an iron imp

Illustrated notes

Levels and vault maps discovered:
D:1:      dpeg_arrival_simpleton_a, layout_loops_ring,
          hellmonk_ecumenical_altar_prayer_group, minmay_misc_feat_four_crosses,
          serial_bayou_ford_a
D:2:      layout_rooms, uniq_jessica, uniq_natasha

Skill      XL: |  1  2 |
---------------+-------+-----
Long Blades    | 2 |  2.4
Fighting       | |  3.5
Armour         | |  3.7
Dodging        | |  0.6
Shields        | |  3.7

Action                   || total
-------------------------++-------
Melee: Long sword        ||   139
  Use: Scroll            ||     4
Armor: Chain mail        ||   122
       Scale mail        ||     7
Dodge: Dodged            ||    79
Block: Buckler           ||    44

Table legend: (Time is in decaauts)
 A = Elapsed time spent in this place.
 B = Non-inter-level travel time spent in this place.
 C = Inter-level travel time spent in this place.
 D = Time resting spent in this place.
 E = Time spent auto-exploring this place.
 F = Levels seen in this place.
 G = Mean time per level.
                   A        B        C        D        E       F      G
               +--------+--------+--------+--------+--------+-----+--------+
         Total |   1526 |   1517 |      9 |      0 |   1204 |   2 |  763.0 |
       Dungeon |   1526 |   1517 |      9 |      0 |   1204 |   2 |  763.0 |
               +--------+--------+--------+--------+--------+-----+--------+

Top non-repeatable levels by time:
     D:1: 1030 daAuts
     D:2: 495 daAuts
